 Dungeon Crawl Stone Soup version 0.28-a0-691-gad6df49e81 (webtiles) character file.

Game seed: 4321135590921462192

63 voltaire321 the Charlatan (level 3, 0/27 HPs)
             Began as a Demonspawn Artificer on Oct 21, 2021.
             Slain by a gnoll (3 damage)
             ... on level 2 of the Dungeon.
             The game lasted 00:04:41 (2435 turns).

voltaire321 the Charlatan (Demonspawn Artificer)    Turns: 2435, Time: 00:04:41

Health: 0/27       AC:  5    Str: 12    XL:     3   Next: 87%
Magic:  3/3        EV: 10    Int: 12    God:
Gold:   73         SH:  0    Dex: 14    Spells: 2/2 levels left

rFire   . . .      SeeInvis .   h - +0 flail
rCold   . . .      Faith    .   (no shield)
rNeg    . . .      Spirit   .   a - +0 ring mail
rPois   .          Reflect  .   (no helmet)
rElec   .          Harm     .   (no cloak)
rCorr   +          Rampage  .   (no gloves)
Will    .....                   (no boots)
Stlth   +.........              (no amulet)
HPRegen 0.09/turn               g - ring of resist corrosion
MPRegen 0.08/turn               (no ring)

@: no status effects
A: demonic guardian 1
a: no special abilities


You were on level 2 of the Dungeon.
You visited 1 branch of the dungeon, and saw 2 of its levels.

You collected 73 gold pieces.

Inventory:

Hand Weapons
 b - a +0 short sword
 f - a +0 dagger
 h - a +0 flail (weapon)
Armour
 a - a +0 ring mail (worn)
Jewellery
 g - a ring of resist corrosion (left hand)
Wands
 c - a wand of flame (15) (quivered)
 d - a wand of charming (15)
Scrolls
 i - a scroll of magic mapping {unknown}
 k - a scroll of blinking {unknown}
Potions
 j - a potion of berserk rage {unknown}
Miscellaneous
 e - a piece from Xom's chessboard (15/15)


   Skills:
 + Level 2.0 Fighting
 + Level 2.4 Armour
 + Level 1.7 Dodging
 - Level 0.8 Stealth
 + Level 3.5 Evocations


You had 2 spell levels left.
You didn't know any spells.
Your spell library was empty.

Dungeon Overview and Level Annotations

Branches:
Dungeon (2/15)

Altars:

Shops:
D:1 *


Innate Abilities, Weirdness & Mutations

A weak demonic guardian rushes to your aid.


Message History

The adder closely misses you.
Your quasit bites the adder.
Your quasit claws the adder but does no damage.
Your quasit barely misses the adder.
The adder closely misses you.
You sock the adder!
You kill the adder!
You see here an adder corpse.
Your quasit disappears in a puff of smoke!
The gnoll shouts!
The gnoll hits you with a +0 spear.
You hit the gnoll.
The gnoll is lightly wounded.
The gnoll misses you. The gnoll barely misses you.
You closely miss the gnoll.
The gnoll is lightly wounded.
The gnoll closely misses you.
You closely miss the gnoll.
The gnoll is lightly wounded.
The gnoll hits you with a +0 spear.
You barely miss the gnoll.
The gnoll is lightly wounded.
The gnoll closely misses you. x2
You hit the gnoll but do no damage.
The gnoll is lightly wounded.
The gnoll hits you with a +0 spear.
You closely miss the gnoll.
The gnoll is lightly wounded.
The gnoll barely misses you. The gnoll hits you but does no damage.
You closely miss the gnoll.
The gnoll is lightly wounded.
The gnoll hits you with a +0 spear!
Your ring mail prevents you from hitting the gnoll.
The gnoll is lightly wounded.
The gnoll hits you but does no damage.
You hit the gnoll but do no damage.
The gnoll is lightly wounded.
The gnoll hits you with a +0 spear!
* * * LOW HITPOINT WARNING * * *
A demonic guardian appears!
The gnoll hits you but does no damage.
The gnoll hits you from afar with a +0 spear.
You die...

..##..............[....#
..####.##..............#
..####........>......###
...##.................#
.......#..............#
........#.#...........#
...................^..#
.....#................#
.........)....g5@....##
..........##..........######
.....##....................#
..................##########
....##....#######..#######
#.....##..## ##.##....#
##.##..#...### #.......#
#.###..#..<.# ####....#
#..###.#.##.#### #....#


You could see a gnoll (ally target) and a friendly ufetubus (summoned).

Vanquished Creatures
  A gnoll (D:1)
  An adder (D:2)
  A dart slug (D:1)
  A ball python (D:2)
  2 goblins (D:1)
  3 hobgoblins
  A quokka (D:1)
  A bat (D:2)
  2 frilled lizards (D:1)
  6 kobolds
  2 rats
21 creatures vanquished.

Vanquished Creatures (collateral kills)
  2 gnolls (D:1)
  A hobgoblin (D:1)
3 creatures vanquished.

Grand Total: 24 creatures vanquished

Notes
Turn   | Place    | Note
-------+----------+-------------------------------------------
     0 | D:1      | voltaire321 the Demonspawn Artificer began the quest for
                  | the Orb.
     0 | D:1      | Reached XP level 1. HP: 15/15 MP: 1/1
   156 | D:1      | Reached skill level 1 in Dodging
   475 | D:1      | Gained mutation: A weak demonic guardian rushes to your
                  | aid. [demonic ancestry]
   475 | D:1      | Reached XP level 2. HP: 13/21 MP: 2/2
   673 | D:1      | Found Effiaf's Assorted Antiques.
  1327 | D:1      | Reached XP level 3. HP: 6/27 MP: 3/3
  2435 | D:2      | Slain by a gnoll

Illustrated notes

Levels and vault maps discovered:
D:1:      evilmike_arrival_plus, layout_basic, serial_shops, nicolae_square_shop
D:2:      layout_rooms

Skill      XL: |  1  2  3 |
---------------+----------+-----
Dodging        | 1 |  1.7
Armour         | 2 |  2.4
Fighting       | 2 |  2.0
Stealth        | |  0.8
Evocations     | |  3.5

Action                   || total
-------------------------++-------
Melee: Short sword       ||    55
       Club              ||    13
       Flail             ||    44
Armor: Leather armour    ||     5
       Ring mail         ||    31
Dodge: Dodged            ||    77

Table legend: (Time is in decaauts)
 A = Elapsed time spent in this place.
 B = Non-inter-level travel time spent in this place.
 C = Inter-level travel time spent in this place.
 D = Time resting spent in this place.
 E = Time spent auto-exploring this place.
 F = Levels seen in this place.
 G = Mean time per level.
                   A        B        C        D        E       F      G
               +--------+--------+--------+--------+--------+-----+--------+
         Total |   2462 |   2444 |     18 |    910 |   1114 |   2 | 1231.0 |
       Dungeon |   2462 |   2444 |     18 |    910 |   1114 |   2 | 1231.0 |
               +--------+--------+--------+--------+--------+-----+--------+

Top non-repeatable levels by time:
     D:1: 1942 daAuts
     D:2: 519 daAuts
